 Dungeon Crawl Stone Soup version 0.30.0-20-g3615ddf2f0 (webtiles) character file.

Game seed: 4190899595398405311

90 qw the Chopper (level 4, 0/28 HPs)
             Began as a Gargoyle Fighter on May 29, 2023.
             Killed by divine providence
             ... invoked by an orc priest
              (10 damage)
             ... on level 3 of the Dungeon.
             The game lasted 00:00:52 (1280 turns).

qw the Chopper (Gargoyle Fighter)                   Turns: 1280, Time: 00:00:53

Health: 0/28       AC: 12    Str: 21    XL:     4   Next: 56%
Magic:  4/4        EV:  8    Int:  9    God:
Gold:   145        SH:  8    Dex:  9    Spells: 3/3 levels left

rFire   . . .        Y - +0 war axe
rCold   . . .        l - +0 kite shield
rNeg    + . .        b - +0 scale mail
rPois   inf          j - +0 helmet
rElec   +            (no cloak)
rCorr   .            g - +0 pair of gloves
SInv    .            (no boots)
Will    .....        (no amulet) Stlth
                     (no ring)
HPRegen 0.24/turn    (no ring)
MPRegen 0.09/turn

%: no passive effects
@: brilliant
A: sickness immunity, AC +3, negative energy resistance 1, electricity
resistance, torment resistance 1, petrification resistance
a: no special abilities


You were on level 3 of the Dungeon.
You visited 1 branch of the dungeon, and saw 3 of its levels.

You collected 145 gold pieces.


Innate Abilities, Weirdness & Mutations

You are immune to sickness and miasma.
Your stone body is resilient. (AC +3)
You are immune to poison.
You resist negative energy. (rN+)
You are resistant to electric shocks. (rElec)
You are resistant to unholy torment.
You are immune to petrification.


   Skills:
 - Level 3.2 Fighting
 - Level 4.1 Axes
 - Level 3.2 Armour
 + Level 3.4 Shields


You had 3 spell levels left.
You didn't know any spells.
Your spell library was empty.

Inventory:

Hand Weapons
 e - a +0 club
 Y - a +0 war axe (weapon)
Armour
 b - a +0 scale mail (worn)
 g - a +0 pair of gloves (worn)
 j - a +0 helmet (worn)
 l - a +0 kite shield (worn)
Scrolls
 a - a scroll of identify
Potions
 d - a potion of might
 h - a potion of magic {unknown}
 i - a potion of heal wounds
 m - a potion of lignification {unknown}

Dungeon Overview and Level Annotations

Branches:
Dungeon (3/15)

Altars:


Message History

You hit the orc but do no damage.
The orc is heavily wounded.
You completely miss the orc. You closely miss the orc.
You barely miss the kobold. The kobold hits you but does no damage.
The orc hits you but does no damage. x2
You block the orc's attack.
You barely miss the orc.
The orc is heavily wounded.
You hit the orc. You hit the kobold but do no damage. You slash the orc!
You kill the orc!
The kobold hits you with a +0 short sword.
The orc barely misses you. The orc priest barely misses you.
You block the kobold's attack. You block the orc's attack. x2
You slash the orc!
You kill the orc!
You hit the orc priest but do no damage.
You hit the kobold.
You kill the kobold!
You barely miss the orc. The orc closely misses you.
The orc priest calls down the wrath of Beogh upon you.
Beogh smites you!
You closely miss the orc.
The orc is heavily wounded.
You barely miss the orc priest.
The orc hits you with a +1 war axe of venom!
The orc priest closely misses you. You block the orc's attack.
The orc priest hits you but does no damage.
You hit the orc but do no damage.
The orc is heavily wounded.
You hit the orc priest but do no damage.
The orc barely misses you.
The orc priest begins to cast a cantrip, but forgets the words!
You hit the orc.
You kill the orc!
You hit the orc priest. You block the orc priest's attack.
The orc priest invokes the aid of Beogh against you.
Beogh smites you!
You die...

######.........
........#.....
........#....#+#.
.................
......$.........
........##....)
......o)...#
......)@.(.#
#+##..)###<#
.....## ### ....
..> .#


You could see an orc priest.

Vanquished Creatures
  2 adders (D:2)
  2 dart slugs
  3 orcs (D:3)
  3 bats
  3 endoplasms (D:1)
  4 giant cockroaches
  7 goblins
  2 hobgoblins
  7 jackals (D:1)
  3 kobolds
  9 quokkas
  4 ball pythons
  2 frilled lizards (D:1)
  7 rats
58 creatures vanquished.

Notes
Turn   | Place    | Note
-------+----------+-------------------------------------------
     0 | D:1      | qw the Gargoyle Fighter began the quest for the Orb.
     0 | D:1      | Reached XP level 1. HP: 14/14 MP: 1/1
     0 | D:1      | 0 ||| qw: Version: 0.2-a-101-gf424e7f
     0 | D:1      | 0 ||| qw: Game counter: 329
     0 | D:1      | 0 ||| qw: Always use a shield: true
     0 | D:1      | 0 ||| qw: God list: Okawaru
     0 | D:1      | 0 ||| qw: Allow faded altars: false
     0 | D:1      | 0 ||| qw: Do Orc after D:15 true
     0 | D:1      | 0 ||| qw: Do second Lair branch before Depths: true
     0 | D:1      | 0 ||| qw: Lair rune preference: random
     0 | D:1      | 0 ||| qw: Plans: Normal, Zot:1-4, Slime:5, God:TSO, Crypt,
                  | Tomb, Pan, Hells, Abyss, Win
     0 | D:1      | 0 ||| PLANNING D:1-11
     7 | D:1      | 7 ||| Stepping ~*~*~tactically~*~*~ (stealth).
     8 | D:1      | 8 ||| Stepping ~*~*~tactically~*~*~ (stealth).
    19 | D:1      | Reached skill level 2 in Axes
    77 | D:1      | Reached XP level 2. HP: 9/19 MP: 2/2
   210 | D:1      | 210 ||| Stepping ~*~*~tactically~*~*~ (stealth).
   271 | D:1      | Reached skill level 3 in Axes
   283 | D:1      | 283 ||| Stepping ~*~*~tactically~*~*~ (stealth).
   290 | D:1      | Reached XP level 3. HP: 23/23 MP: 3/3
   445 | D:1      | 445 ||| Stepping ~*~*~tactically~*~*~ (stealth).
   723 | D:1      | 723 ||| UPGRADING to +0 pair of gloves.
   728 | D:1      | 728 ||| DROPPING ring of magical power.
   729 | D:1      | 729 ||| READING scroll labelled NUIFEFFEDYO.
   770 | D:2      | 770 ||| Stepping ~*~*~tactically~*~*~ (hiding).
   905 | D:2      | Reached XP level 4. HP: 25/28 MP: 4/4
   961 | D:2      | Reached skill level 4 in Axes
  1009 | D:2      | 1009 ||| Stepping ~*~*~tactically~*~*~ (stealth).
  1010 | D:2      | 1010 ||| Stepping ~*~*~tactically~*~*~ (stealth).
  1186 | D:2      | Found a faded altar of an unknown god.
  1231 | D:2      | 1231 ||| UPGRADING to +0 helmet.
  1236 | D:2      | 1236 ||| UPGRADING to +0 kite shield.
  1246 | D:2      | 1246 ||| DROPPING +0 buckler.
  1247 | D:2      | 1247 ||| READING scroll labelled BUIWIM SAZOFUOQAUX.
  1248 | D:2      | 1248 ||| DRINKING 2 lumpy coppery potions.
  1249 | D:2      | 1249 ||| DRINKING 2 bubbling green potions.
  1250 | D:2      | 1250 ||| DROPPING potion of brilliance.
  1280 | D:3      | Killed from afar by an orc priest

Levels and vault maps discovered:
D:1:      lightli_iron_boxes, layout_rooms, minmay_misc_feat_cross,
          serial_park_tiny_1, minmay_misc_feat_enclosed
D:2:      layout_rooms, ebering_ecumenical_altar_sacrificial
D:3:      layout_basic, serial_shops, nicolae_shop_just_a_little_nook,
          nicolae_shop_hallway_plus, nicolae_shop_pleasant_corner_grove

Skill      XL: |  1  2  3  4 |
---------------+-------------+-----
Axes           | 2 3 4 |  4.1
Fighting       | |  3.2
Armour         | |  3.2
Shields        | |  3.4

Action                     |  1- 3 |  4- 6 || total
---------------------------+-------+-------++-------
  Melee: War axe           |   117 |    32 ||   149
    Use: Scroll            |     1 |     1 ||     2
         Potion            |       |     2 ||     2
 Armour: Scale mail        |    65 |    16 ||    81
  Dodge: Dodged            |    62 |    26 ||    88
  Block: Buckler           |    25 |     5 ||    30
         Kite shield       |       |     8 ||     8

Table legend:
 A = Non-vault XP
 B = Vault XP
 C = Vault XP percentage of total XP
 D = Non-vault monster count
 E = Vault monster count
 F = Vault count percentage of total count
                 A         B        C        D         E       F
            +---------+---------+-------+---------+---------+-------
      Total |     132 |       0 |   0.0 |      58 |       0 |   0.0
            +---------+---------+-------+---------+---------+-------
        D:1 |      74 |       0 |   0.0 |      40 |       0 |   0.0
        D:2 |      47 |       0 |   0.0 |      14 |       0 |   0.0
        D:3 |      11 |       0 |   0.0 |       4 |       0 |   0.0
            +---------+---------+-------+---------+---------+-------
